 Dungeon Crawl Stone Soup version 0.28.0-49-g6dfe1f597d (webtiles) character file.

Game seed: 417899262727209557

59 Peloso the Covered (level 3, -3/33 HPs)
             Began as a Minotaur Fighter on May 18, 2022.
             Slain by a shadow imp (5 damage)
             ... summoned by Natasha
             ... on level 2 of the Dungeon.
             The game lasted 00:01:19 (734 turns).

Peloso the Covered (Minotaur Fighter)                Turns: 734, Time: 00:01:19

Health: -3/33      AC:  7    Str: 20    XL:     3   Next: 78%
Magic:  2/2        EV:  9    Int:  5    God:
Gold:   86         SH:  4    Dex: 11    Spells: 2/2 levels left

rFire   . . .      SeeInvis .   a - +0 long sword
rCold   . . .      Faith    .   c - +0 buckler
rNeg    . . .      Spirit   .   b - +0 scale mail
rPois   .          Reflect  .   (helmet restricted)
rElec   .          Harm     .   (no cloak)
rCorr   .          Rampage  .   (no gloves)
Will    .....                   (no boots)
Stlth   ..........              (no amulet)
HPRegen 0.11/turn               (no ring)
MPRegen 0.08/turn               (no ring)

@: no status effects
A: horns 2, retaliatory headbutt
a: no special abilities


You were on level 2 of the Dungeon.
You visited 1 branch of the dungeon, and saw 2 of its levels.

You collected 86 gold pieces.

Inventory:

Hand Weapons
 a - a +0 long sword (weapon)
Armour
 b - a +0 scale mail (worn)
 c - a +0 buckler (worn)
Jewellery
 i - a ring of protection from fire
Scrolls
 g - a scroll of identify
 h - a scroll of enchant weapon
Potions
 d - a potion of might


   Skills:
 + Level 4.1 Fighting
 + Level 3.3 Long Blades
 + Level 4.2 Armour
 + Level 0.6 Dodging
 + Level 4.1 Shields


You had 2 spell levels left.
You didn't know any spells.
Your spell library contained the following spells:

 Spells                   Type           Power      Damage    Failure   Level
 Magic Dart               Conj           0%         1d3       88%         1
 Call Imp                 Summ           0%         N/A       96%         2
 Mephitic Cloud           Conj/Pois/Air  0%         N/A       99%         3


Dungeon Overview and Level Annotations

Branches:
Dungeon (2/15)

Altars:

Shops:
D:1 !

Annotations:
D:2 Natasha


Innate Abilities, Weirdness & Mutations

You have a pair of horns on your head.
You reflexively headbutt those who attack you in melee.


Message History

* * * LOW HITPOINT WARNING * * *
Unknown command.
You hit the quokka but do no damage.
You headbutt the quokka, but do no damage.
Natasha mumbles some strange words.
The quokka bites you but does no damage.
Unknown command.
You slash the quokka!
You kill the quokka!
You block the shadow imp's attack.
The crimson imp blinks!
Natasha stares at you and mumbles some strange words.
You resist with significant effort.
Unknown command.
The shadow imp hits you but does no damage.
The crimson imp hits you but does no damage.
You block Natasha's attack.
Unknown command.
You hit Natasha.
Natasha is moderately wounded.
The shadow imp closely misses you. The crimson imp completely misses you.
You block Natasha's attack.
Unknown command.
You closely miss Natasha.
Natasha is moderately wounded.
The shadow imp barely misses you. You block the crimson imp's attack.
Natasha misses you. The shadow imp closely misses you.
Unknown command.
You closely miss Natasha.
Natasha is moderately wounded.
The crimson imp hits you.
* * * LOW HITPOINT WARNING * * *
Natasha closely misses you.
The shadow imp hits you but does no damage.
The crimson imp hits you.
* * * LOW HITPOINT WARNING * * *
Natasha closely misses you.
You hit Natasha but do no damage.
Natasha is moderately wounded.
The shadow imp hits you.
You die...

## #####.........
... #.........
...### ##........
......####.#......
........)...^....
#
..."......#......
#####...$..###...
#......# ...
#.@5.#..# ..
#.5h.##+##
##.###†........
......††.......
###............
##......####.
########


You could see Natasha, a crimson imp (summoned) and a shadow imp (summoned).

Vanquished Creatures
  Natasha (D:2)
  A dart slug (D:1)
  2 ball pythons (D:1)
  2 bats
  4 endoplasms
  2 giant cockroaches (D:2)
  3 goblins
  2 hobgoblins
  4 jackals (D:2)
  2 quokkas (D:2)
  2 frilled lizards
  4 rats (D:2)
29 creatures vanquished.

Notes
Turn   | Place    | Note
-------+----------+-------------------------------------------
     0 | D:1      | Peloso the Minotaur Fighter began the quest for the Orb.
     0 | D:1      | Reached XP level 1. HP: 19/19 MP: 0/0
   260 | D:1      | Found Haelouf's Distillery.
   267 | D:1      | Reached XP level 2. HP: 17/27 MP: 1/1
   705 | D:2      | Noticed Natasha
   713 | D:2      | Killed Natasha
   714 | D:2      | Reached XP level 3. HP: 8/33 MP: 2/2
   724 | D:2      | Noticed Natasha
   734 | D:2      | Slain by a shadow imp

Illustrated notes

Levels and vault maps discovered:
D:1:      minmay_arrival_stair_chambers, layout_rooms, serial_shops,
          shop_fountains, minivault_26
D:2:      layout_basic, minmay_split_cup_large, uniq_natasha

Skill      XL: |  1  2 |
---------------+-------+-----
Fighting       | 4 |  4.1
Shields        | 4 |  4.1
Long Blades    | 3 |  3.3
Armour         | 4 |  4.2
Dodging        | |  0.6

Action                   || total
-------------------------++-------
Melee: Long sword        ||    58
       Headbutt          ||     4
  Use: Scroll            ||     3
Armor: Scale mail        ||    40
Dodge: Dodged            ||    49
Block: Buckler           ||    26
